Unix NetHack Version 5.0.0-0 post-release - last build May 23 2026 06:08:33 (1c0ff79ee797540d5714e4e18072db0edd9e58ae,branch:main).

Game began 2026-05-28 23:30:52, ended 2026-05-29 12:03:59.

Ch3Begorrah, chaotic male human Rogue

                                    -------------
                                    |...%...%...|          --------
                                #)##%`(%...%....|          |......|
                               #   #|.%..........#         |......|
                                   #-------------#         |j>....|
                                   @             #####%####-......|
                                   Z             #         -.------
                                   #             #          #
                                   #             #[         #
                                   #              ###       #
                  -.         ------#                #       [
                  |....^.  ##...`.|#                #      ##
                  -.         |...<+#                #------|--      -----
                             |....|                 #-.......|     #|.+.|
                             |....|                  |........######..<.|
                             ------                  |.......|      |...|
                                                     |.......|      ---.-
                                                     ---------

Ch3Begorrah the Rogue   St:12 Dx:15 Co:15 In:14 Wi:10 Ch:11  Chaotic
Dlvl:8  $:465 HP:0(68) Pw:31(31) AC:1  Xp:7 T:3789 

Latest messages:
 You destroy the giant zombie!
 S - a +0 dagger (at the ready) (4 in total).
 S - 7 +0 daggers (at the ready) (11 in total).
 You see here a giant corpse.
 You hear a door open.
 S - a +0 dagger (at the ready) (12 in total).
 You see here a human corpse.
 You see here an elf corpse.
 In what direction? l
 You throw 3 daggers.
 The 1st dagger hits the giant zombie.
 The 2nd dagger hits the giant zombie!
 The 3rd dagger hits the giant zombie.
 You see here an elf corpse.
 In what direction? l
 You throw 4 daggers.
 The 1st dagger hits the giant zombie.
 You destroy the giant zombie!
 S - a +0 dagger (at the ready) (6 in total).
 You see here a giant corpse.
 S - 3 +0 daggers (at the ready) (9 in total).
 S - 3 +0 daggers (at the ready) (12 in total).
 You see here a giant corpse.
 You see here an elf corpse.
 Something is written here in the dust.
 You read: "F  ?   ?".
 The ettin zombie hits!
 The ettin zombie hits again!
 What do you want to zap? [arwABN or ?*] ?
 In what direction? j
 The ettin zombie turns to flee.
 In what direction? j
 You throw 3 daggers.
 The 1st dagger hits it!
 The 2nd dagger hits it.
 The 3rd dagger hits it.
 In what direction? j
 You throw 4 daggers.
 The 1st dagger hits it!
 The 2nd dagger hits it.
 The 3rd dagger hits it.
 The 4th dagger hits it.
 You destroy it!
 S - 3 +0 daggers (at the ready) (8 in total).
 S - 4 +0 daggers (at the ready) (12 in total).
 You see here an ettin corpse.
 The giant zombie hits!
 The giant zombie hits again!
 You die...
 Do you want your possessions identified? [ynq] (y) q

Inventory:
 Coins    ('$')
  $ - 465 gold pieces
 Weapons  (')')
  U - a +0 arrow
  p - 2 poisoned +0 shuriken
  g - a +0 dagger (weapon in right hand)
  S - 12 +0 daggers (at the ready)
 Armor    ('[')
  z - an uncursed +0 helmet (being worn)
  k - a blessed +2 cloak of protection (being worn)
  c - an uncursed +1 leather armor (being worn)
 Comestibles  ('%')
  D - an uncursed slime mold
  F - 3 uncursed food rations
  O - an uncursed sprig of wolfsbane
 Scrolls  ('?')
  R - 2 uncursed scrolls of earth
  T - an uncursed scroll of enchant armor
  Y - 2 uncursed scrolls of gold detection named ok
  y - a blessed scroll of identify
  W - an uncursed scroll of identify
  G - a blessed scroll of light named ok
  v - an uncursed scroll of remove curse
  K - an uncursed scroll of taming named ok
 Potions  ('!')
  J - an uncursed potion of water
 Rings    ('=')
  L - an uncursed ring of levitation
  Z - a cursed ring of polymorph named cursed
  Q - an uncursed ring of regeneration
 Wands    ('/')
  r - a wand of cold (0:4)
  B - a wand of digging (0:1)
  A - a wand of polymorph (0:5)
  N - a wand of speed monster named empty (0:0)
  a - a wand of teleportation (0:3)
  w - a wand of undead turning (0:1)
 Tools    ('(')
  f - an empty uncursed sack
  e - an uncursed lock pick
  V - an uncursed magic whistle
  E - a +0 pick-axe
 Gems/Stones  ('*')
  x - an uncursed jet stone
  l - an uncursed obsidian stone
  h - 2 uncursed opals
  u - 2 uncursed worthless pieces of green glass
  b - an uncursed worthless piece of red glass
  C - an uncursed worthless piece of yellow glass

Ch3Begorrah the Rogue's attributes:

Background:
 You were a Rogue, level 7 male human.
 You were chaotic, nominally on a mission for Kos
 who was opposed by Issek (lawful) and Mog (neutral).
 You were right-handed.
 You were in the Dungeons of Doom, on level 8.
 You entered the dungeon 3789 turns ago.
 You had 1079 experience points, 201 more were needed to attain level 8.

Basics:
 You had 0 out of 68 hit points.
 You had all 31 energy points (spell power).
 Your armor class was 1.
 Your wallet contained 465 zorkmids.
 Autopickup was on for '$!/(' plus thrown, with exceptions.

Final Characteristics:
 Your strength was 12 (limit:18/100).
 Your dexterity was 15 (peak:18, limit:18).
 Your constitution was 15 (limit:18).
 Your intelligence was 14 (limit:18).
 Your wisdom was 10 (limit:18).
 Your charisma was 11 (limit:18).

Final Status:
 You weren't hungry.
 You were unencumbered.
 You were wielding a dagger.
 You had expert skill with dagger.

Final Attributes:
 You were piously aligned.
 You were cold resistant.
 You saw invisible.
 You were stealthy.
 You were protected.
 You are dead.

Miscellaneous:
 You didn't encounter any bones levels.
 Total elapsed playing time was 57 minutes and 5 seconds.

Major events:
 Turn
    1: Ch3Begorrah the chaotic male human Rogue entered the dungeon
  768: entered the Gnomish Mines
 1146: attained the rank of Cutpurse (level 3)
 1829: declined to make a wish
 2331: attained the rank of Rogue (level 6)
 3325: entered Sokoban
 3789: killed by a giant zombie

You didn't know any spells.

Skills:
 Fighting Skills
   bare handed combat [Unskilled]
   two weapon combat  [Unskilled]
   riding             [Unskilled]
 Weapon Skills
   dagger             [Expert]
   knife              [Unskilled]
   short sword        [Basic]
   broadsword         [Unskilled]
   long sword         [Unskilled]
   two-handed sword   [Unskilled]
   saber              [Unskilled]
   club               [Unskilled]
   mace               [Unskilled]
   morning star       [Unskilled]
   flail              [Unskilled]
   hammer             [Unskilled]
   polearms           [Unskilled]
   spear              [Unskilled]
   crossbow           [Unskilled]
   dart               [Unskilled]
   shuriken           [Unskilled]
 Spellcasting Skills
   divination spells  [Unskilled]
   escape spells      [Unskilled]
   matter spells      [Unskilled]

Voluntary challenges:
 Character rerolling was not enabled.
 You followed a strict vegan diet.
 You were an atheist.
 You never genocided any monsters.
 You never polymorphed an object.
 You never changed form.
 You used no wishes.
 You did not violate any of the special Sokoban rules.
Achievements:
 You entered a shop.
 You entered the Gnomish Mines.
 You attained the rank of Cutpurse.
 You attained the rank of Rogue.
 You entered Sokoban.

 The Dungeons of Doom: levels 1 to 9
    Level 1:
       Many fountains.
    Level 2:
       A potion shop, an altar to Kos, some fountains.
    Level 3:
       Some fountains.
       Stairs down to The Gnomish Mines.
    Level 4:
       A general store, some fountains, a tree.
    Level 5: "DB+rol"
       A throne, a grave.
    Level 6:
       A fountain, a grave.
    Level 7:
       Many fountains.
       Oracle of Delphi.
    Level 8: <- You were here.
       Stairs up to Sokoban, level 7.
       Final resting place for
          you, killed by a giant zombie.
    Level 9:
 The Gnomish Mines:
    Level 4:
 Sokoban:
    Level 7:
       Unsolved.


Vanquished creatures:
  2 giant zombies
  2 tengu
  a wraith
  4 ettin zombies
  a black light
  2 gnome rulers
  a dwarf mummy
  a dwarf leader
  a dust vortex
  a plains centaur
  a snake
  2 human zombies
  7 bugbears
  a fog cloud
  a yellow light
  2 violet fungi
  a gnome leader
  a red naga hatchling
  2 elf zombies
  a little dog
  2 dwarves
  a kobold leader
  4 hill orcs
  a giant bat
  a monkey
  4 orc zombies
  2 dwarf zombies
  3 iguanas
  a gas spore
  a hobbit
  5 hobgoblins
  a giant rat
  2 cave spiders
  a brown mold
  a yellow mold
  6 gnomes
  a gnome zombie
  a gecko
  5 jackals
  3 kobolds
  6 goblins
  a grid bug
  a bat
  a lichen
  3 kobold zombies
  7 newts
100 creatures vanquished.

No species were genocided or became extinct.

Game over:
                       ----------
                      /          \
                     /    REST    \
                    /      IN      \
                   /     PEACE      \
                  /                  \
                  |   Ch3Begorrah    |
                  |      465 Au      |
                  |   killed by a    |
                  |   giant zombie   |
                  |                  |
                  |                  |
                  |       2026       |
                 *|     *  *  *      | *
        _________)/\\_//(\/(/\)/\//\/|_)_______

Goodbye Ch3Begorrah the Rogue...

You died in The Dungeons of Doom on dungeon level 8 with 5215 points,
and 465 pieces of gold, after 3789 moves.
You were level 7 with a maximum of 68 hit points when you died.

